TOP OF THE 1ST |
Staten Island Yankees batting - Pitching for Everett AquaSox : RHP Michel Méry
|
Pitching: RHP Michel Méry
|
|
Batting: LHB Carlos Palau
|
0-0: Ball 1-0: Ground out 6-3 (Groundball, 6MS, EV 91.2 MPH)
|
Batting: LHB Justin Short
|
0-0: Foul Ball, location: 2F 0-1: Ball 1-1: Called Strike 1-2: Foul Ball, location: 2F 1-2: Fly out, F8 (Line Drive, 8RM, EV 91.2 MPH)
|
Batting: RHB Pat Pemberton
|
0-0: Ball 1-0: Foul Ball, location: 2F 1-1: Hit by Pitch
|
Batting: RHB Brad Wren
|
Balk! Pat Pemberton to second 0-0: Foul Ball, location: 2F 0-1: Ball 1-1: Foul Ball, location: 2F 1-2: Strikes out swinging
|
Top of the 1st over - 0 runs, 0 hits, 0 errors, 1 left on base; Staten Island 0 - Everett 0 |
BOTTOM OF THE 1ST |
Everett AquaSox batting - Pitching for Staten Island Yankees : RHP Ben Cunningham
|
Pitching: RHP Ben Cunningham
|
|
Batting: RHB John Vasquez
|
0-0: Swinging Strike 0-1: Ball 1-1: SINGLE (Flyball, 3D, EV 93.1 MPH)
|
Batting: RHB Tomokazu Sugimoto
|
0-0: Called Strike 0-1: Swinging Strike 0-2: Strikes out swinging
|
Batting: RHB Ivan Davila
|
0-0: Ball John Vasquez steals 2nd base 1-0: Foul Ball, location: 2F 1-1: Ball 2-1: Fly out, F4 (Line Drive, 4, EV 69.4 MPH)
|
Batting: RHB Antonio Oyola
|
0-0: Called Strike 0-1: Swinging Strike 0-2: Ball 1-2: Strikes out looking
|
Bottom of the 1st over - 0 runs, 1 hit, 0 errors, 1 left on base; Staten Island 0 - Everett 0 |
TOP OF THE 2ND |
Staten Island Yankees batting - Pitching for Everett AquaSox : RHP Michel Méry
|
Batting: SHB Adam Slade
|
0-0: Ball 1-0: Ball 2-0: SOLO HOME RUN (Line Drive, 9D, EV 97.5 MPH), Distance : 375 ft
|
Batting: RHB Edite Leoni
|
0-0: Foul Ball, location: 2F 0-1: Foul Ball, location: 2F 0-2: Ball 1-2: Ball 2-2: TRIPLE (Groundball, 5L, EV 105.6 MPH)
|
Batting: LHB Danny de Leon
|
0-0: Ground out 4-3 (Groundball, 4, EV 93.1 MPH) Edite Leoni scores
|
Batting: RHB Jesus Ruiz
|
0-0: Ball 1-0: Called Strike 1-1: Fly out, F7 (Flyball, 7S, EV 80.6 MPH)
|
Batting: RHB Norimoto Miyanishi
|
0-0: Ball 1-0: Called Strike 1-1: Ground out 5-3 (Groundball, 5S, EV 61.9 MPH)
|
Top of the 2nd over - 2 runs, 2 hits, 0 errors, 0 left on base; Staten Island 2 - Everett 0 |
BOTTOM OF THE 2ND |
Everett AquaSox batting - Pitching for Staten Island Yankees : RHP Ben Cunningham
|
Batting: SHB Tony Morales
|
0-0: Ball 1-0: Called Strike 1-1: Swinging Strike 1-2: Strikes out swinging
|
Batting: RHB Jung-wan Aan
|
0-0: Ball 1-0: Swinging Strike 1-1: Foul Ball, location: 2F 1-2: Ball 2-2: Strikes out swinging
|
Batting: RHB Sal Cervantes
|
0-0: Fly out, F8 (Flyball, 8RM, EV 83.1 MPH)
|
Bottom of the 2nd over - 0 runs, 0 hits, 0 errors, 0 left on base; Staten Island 2 - Everett 0 |
TOP OF THE 3RD |
Staten Island Yankees batting - Pitching for Everett AquaSox : RHP Michel Méry
|
Batting: LHB Carlos Palau
|
0-0: Fly out, F8 (Flyball, 8LXD, EV 105.0 MPH)
|
Batting: LHB Justin Short
|
0-0: Ball 1-0: Swinging Strike 1-1: Ground out 4-3 (Groundball, 34, EV 78.8 MPH)
|
Batting: RHB Pat Pemberton
|
0-0: Ball 1-0: Swinging Strike 1-1: Ground out 4-3 (Groundball, 34, EV 90.0 MPH)
|
Top of the 3rd over - 0 runs, 0 hits, 0 errors, 0 left on base; Staten Island 2 - Everett 0 |
BOTTOM OF THE 3RD |
Everett AquaSox batting - Pitching for Staten Island Yankees : RHP Ben Cunningham
|
Batting: RHB Danny Pujols
|
0-0: Ball 1-0: Fly out, F8 (Flyball, 8RM, EV 90.6 MPH)
|
Batting: RHB Egidius Kruger
|
0-0: Ball 1-0: Foul Ball, location: 2F 1-1: Ball 2-1: Fly out, F8 (Flyball, 8RM, EV 78.8 MPH)
|
Batting: RHB John Vasquez
|
0-0: Ball 1-0: Ball 2-0: Called Strike 2-1: Swinging Strike 2-2: Ground out 4-3 (Groundball, 4, EV 78.8 MPH)
|
Bottom of the 3rd over - 0 runs, 0 hits, 0 errors, 0 left on base; Staten Island 2 - Everett 0 |
TOP OF THE 4TH |
Staten Island Yankees batting - Pitching for Everett AquaSox : RHP Michel Méry
|
Batting: RHB Brad Wren
|
0-0: Called Strike 0-1: Ball 1-1: Ball 2-1: Ball 3-1: Fly out, F7 (Flyball, 78S, EV 86.2 MPH)
|
Batting: SHB Adam Slade
|
0-0: Called Strike 0-1: Ball 1-1: Foul Ball, location: 2F 1-2: Ball 2-2: Ball 3-2: Foul Ball, location: 2F 3-2: Strikes out swinging
|
Batting: RHB Edite Leoni
|
0-0: Called Strike 0-1: Ball 1-1: Swinging Strike 1-2: Fly out, F9 (Flyball, 9, EV 96.2 MPH)
|
Top of the 4th over - 0 runs, 0 hits, 0 errors, 0 left on base; Staten Island 2 - Everett 0 |
BOTTOM OF THE 4TH |
Everett AquaSox batting - Pitching for Staten Island Yankees : RHP Ben Cunningham
|
Batting: RHB Tomokazu Sugimoto
|
0-0: Ball 1-0: Foul Ball, location: 2F 1-1: Ball 2-1: Foul Ball, location: 2F 2-2: Ground out 4-3 (Groundball, 4M, EV 84.4 MPH)
|
Batting: RHB Ivan Davila
|
0-0: Ball 1-0: Foul Ball, location: 2F 1-1: SINGLE (Groundball, 6D, EV 96.2 MPH)
|
Batting: RHB Antonio Oyola
|
0-0: Called Strike 0-1: Foul Ball, location: 2F 0-2: Ball 1-2: Ball 2-2: Ball 3-2: Base on Balls Ivan Davila to second
|
Batting: SHB Tony Morales
|
0-0: Called Strike 0-1: Fly out, F8 (Flyball, 8LM, EV 74.4 MPH)
|
Batting: RHB Jung-wan Aan
|
0-0: Called Strike 0-1: Ball 1-1: Ball 2-1: Ball 3-1: Base on Balls Ivan Davila to third Antonio Oyola to second
|
Batting: RHB Sal Cervantes
|
0-0: Ball 1-0: Fielders Choice at 2nd, 6-4 (Groundball, 56, EV 88.8 MPH)
|
Bottom of the 4th over - 0 runs, 1 hit, 0 errors, 3 left on base; Staten Island 2 - Everett 0 |
TOP OF THE 5TH |
Staten Island Yankees batting - Pitching for Everett AquaSox : RHP Michel Méry
|
Batting: LHB Danny de Leon
|
0-0: Ball 1-0: Called Strike 1-1: Foul Ball, location: 2F 1-2: Strikes out looking
|
Batting: RHB Jesus Ruiz
|
0-0: Ball 1-0: Called Strike 1-1: Ball 2-1: Ground out 6-3 (Groundball, 6, EV 103.8 MPH)
|
Batting: RHB Norimoto Miyanishi
|
0-0: Called Strike 0-1: Ball 1-1: Ball 2-1: Ball 3-1: Base on Balls
|
Batting: LHB Carlos Palau
|
0-0: Ball Norimoto Miyanishi steals 2nd base 1-0: Ball 2-0: Ball 3-0: Called Strike 3-1: Base on Balls
|
Batting: LHB Justin Short
|
0-0: Swinging Strike 0-1: Foul Ball, location: 2F 0-2: Foul Ball, location: 2F 0-2: Ball 1-2: Strikes out looking
|
Top of the 5th over - 0 runs, 0 hits, 0 errors, 2 left on base; Staten Island 2 - Everett 0 |
BOTTOM OF THE 5TH |
Everett AquaSox batting - Pitching for Staten Island Yankees : RHP Ben Cunningham
|
Batting: RHB Danny Pujols
|
0-0: Ball 1-0: Ball 2-0: Foul Ball, location: 2F 2-1: Ground out 3-1 (Groundball, 13, EV 76.9 MPH)
|
Batting: RHB Egidius Kruger
|
0-0: Ball 1-0: Swinging Strike 1-1: Ball 2-1: Foul Ball, location: 2F 2-2: Ball 3-2: Strikes out swinging
|
Batting: RHB John Vasquez
|
0-0: Called Strike 0-1: Foul Ball, location: 2F 0-2: Strikes out swinging
|
Bottom of the 5th over - 0 runs, 0 hits, 0 errors, 0 left on base; Staten Island 2 - Everett 0 |
TOP OF THE 6TH |
Staten Island Yankees batting - Pitching for Everett AquaSox : RHP Michel Méry
|
Batting: RHB Pat Pemberton
|
0-0: Ground out 5-3 (Groundball, 56, EV 87.5 MPH)
|
Batting: RHB Brad Wren
|
0-0: Ball 1-0: Foul Ball, location: 2F 1-1: Ball 2-1: Swinging Strike 2-2: Strikes out swinging
|
Batting: SHB Adam Slade
|
0-0: Foul Ball, location: 2F 0-1: Fly out, F9 (Flyball, 9, EV 91.9 MPH)
|
Top of the 6th over - 0 runs, 0 hits, 0 errors, 0 left on base; Staten Island 2 - Everett 0 |
BOTTOM OF THE 6TH |
Everett AquaSox batting - Pitching for Staten Island Yankees : RHP Ben Cunningham
|
Batting: RHB Tomokazu Sugimoto
|
0-0: Called Strike 0-1: Swinging Strike 0-2: Strikes out swinging
|
Batting: RHB Ivan Davila
|
0-0: Ball 1-0: Ball 2-0: Ball 3-0: Fly out, F8 (Flyball, 8LXD, EV 80.6 MPH)
|
Batting: RHB Antonio Oyola
|
0-0: Ball 1-0: Swinging Strike 1-1: Foul Ball, location: 2F 1-2: Fly out, F8 (Flyball, 89M, EV 82.5 MPH)
|
Bottom of the 6th over - 0 runs, 0 hits, 0 errors, 0 left on base; Staten Island 2 - Everett 0 |
TOP OF THE 7TH |
Staten Island Yankees batting - Pitching for Everett AquaSox : RHP Michel Méry
|
Pitching: RHP Raul Lopez
|
|
Batting: RHB Edite Leoni
|
0-0: Ball 1-0: Ground out 6-3 (Groundball, 6M, EV 103.1 MPH)
|
Batting: LHB Danny de Leon
|
0-0: Called Strike 0-1: Ground out U3 (Groundball, 3, EV 104.4 MPH)
|
Batting: RHB Jesus Ruiz
|
0-0: Called Strike 0-1: Fly out, F8 (Flyball, 8LD, EV 93.1 MPH)
|
Top of the 7th over - 0 runs, 0 hits, 0 errors, 0 left on base; Staten Island 2 - Everett 0 |
BOTTOM OF THE 7TH |
Everett AquaSox batting - Pitching for Staten Island Yankees : RHP Ben Cunningham
|
Pitching: LHP Loo Lei
|
|
Batting: SHB Tony Morales
|
0-0: DOUBLE (Groundball, 5L, EV 106.9 MPH)
|
Batting: RHB Jung-wan Aan
|
0-0: Ball 1-0: Ground out 4-3 (Groundball, 4, EV 103.1 MPH) Tony Morales to third
|
Batting: RHB Sal Cervantes
|
0-0: Called Strike 0-1: Called Strike Steal of home, Tony Morales is out 0-2: Strikes out swinging
|
Bottom of the 7th over - 0 runs, 1 hit, 0 errors, 0 left on base; Staten Island 2 - Everett 0 |
TOP OF THE 8TH |
Staten Island Yankees batting - Pitching for Everett AquaSox : RHP Raul Lopez
|
Batting: RHB Norimoto Miyanishi
|
0-0: Called Strike 0-1: Called Strike 0-2: Strikes out swinging
|
Batting: LHB Carlos Palau
|
0-0: Ball 1-0: Ball 2-0: Ball 3-0: Base on Balls
|
Batting: LHB Justin Short
|
Pickoff Throw to First - Error! E1 Carlos Palau to second 0-0: Foul Ball, location: 2F 0-1: Ball 1-1: Called Strike 1-2: Ball 2-2: Ball 3-2: Base on Balls
|
Batting: RHB Pat Pemberton
|
0-0: Ball 1-0: Foul Ball, location: 2F 1-1: Ball 2-1: Ball 3-1: Swinging Strike 3-2: Foul Ball, location: 2F 3-2: Foul Ball, location: 2F 3-2: Foul Ball, location: 2F 3-2: Strikes out swinging
|
Pitching: LHP Kevin Roberts
|
|
Batting: RHB Brad Wren
|
0-0: Ball Wild Pitch! Carlos Palau to third Justin Short to second 1-0: Ball 2-0: Called Strike 2-1: Ball 3-1: Called Strike 3-2: Base on Balls
|
Batting: SHB Adam Slade
|
0-0: Foul Ball, location: 2F 0-1: Hit by Pitch Carlos Palau scores Justin Short to third Brad Wren to second
|
Pinch Runner at 1st Danny Ayala:
|
|
Batting: RHB Edite Leoni
|
0-0: Called Strike 0-1: Foul Ball, location: 2F 0-2: Ground out 5-3 (Groundball, 56S, EV 91.2 MPH)
|
Top of the 8th over - 1 run, 0 hits, 1 error, 3 left on base; Staten Island 3 - Everett 0 |
BOTTOM OF THE 8TH |
Everett AquaSox batting - Pitching for Staten Island Yankees : LHP Loo Lei
|
Now at SS: Danny Ayala
|
|
Batting: RHB Danny Pujols
|
0-0: Called Strike 0-1: Ball 1-1: Ground out 6-3 (Groundball, 6, EV 103.1 MPH)
|
Batting: RHB Egidius Kruger
|
0-0: Called Strike 0-1: Ground out 4-3 (Groundball, 4, EV 81.2 MPH)
|
Batting: RHB John Vasquez
|
0-0: Ball 1-0: Called Strike 1-1: Swinging Strike 1-2: Ball 2-2: Ball 3-2: Reached on error, E6 (Groundball, 6, EV 88.1 MPH)
|
Batting: RHB Tomokazu Sugimoto
|
0-0: Ball 1-0: Ball 2-0: Ground out 5-3 (Groundball, 56, EV 81.9 MPH)
|
Bottom of the 8th over - 0 runs, 0 hits, 1 error, 1 left on base; Staten Island 3 - Everett 0 |
TOP OF THE 9TH |
Staten Island Yankees batting - Pitching for Everett AquaSox : LHP Kevin Roberts
|
Pinch Hitting: RHB Daniel Underhay
|
0-0: Swinging Strike 0-1: Called Strike 0-2: Strikes out swinging
|
Batting: RHB Jesus Ruiz
|
0-0: Ball 1-0: Fly out, F9 (Line Drive, 9S, EV 111.9 MPH)
|
Batting: RHB Norimoto Miyanishi
|
0-0: Foul Ball, location: 2F 0-1: Ball 1-1: Foul Ball, location: 2F 1-2: Foul Ball, location: 2F 1-2: Strikes out swinging
|
Top of the 9th over - 0 runs, 0 hits, 0 errors, 0 left on base; Staten Island 3 - Everett 0 |
BOTTOM OF THE 9TH |
Everett AquaSox batting - Pitching for Staten Island Yankees : LHP Loo Lei
|
Pitching: RHP Matt Elliott
|
|
Now in RF: Mario Velazquez
|
|
Batting: RHB Ivan Davila
|
0-0: Swinging Strike 0-1: Ball 1-1: Ball 2-1: Ball 3-1: Base on Balls
|
Batting: RHB Antonio Oyola
|
0-0: Ball 1-0: Called Strike 1-1: Swinging Strike 1-2: Ball 2-2: Fielders Choice at 2nd, 3-6 (Groundball, 34S, EV 80.6 MPH)
|
Batting: SHB Tony Morales
|
0-0: Called Strike 0-1: Called Strike 0-2: Ball 1-2: Ball 2-2: Ball 3-2: Base on Balls Antonio Oyola to second
|
Batting: RHB Jung-wan Aan
|
0-0: Ball 1-0: Fielders Choice at 2nd, 5-4 (Groundball, 56, EV 84.4 MPH) Antonio Oyola to third
|
Batting: RHB Sal Cervantes
|
0-0: Called Strike 0-1: Fly out, F8 (Flyball, 8LM, EV 86.9 MPH)
|
Bottom of the 9th over - 0 runs, 0 hits, 0 errors, 2 left on base; Staten Island 3 - Everett 0 |
|